AoeStats
← Perro178

Arabia

509508416Analyzed
1v1 RM · 6d ago on Sep 27, 2026· 48m 4s· 2 players
Game mode
Random Map
Map size
Tiny (2 player)
Population
200
Speed
Normal
Resources
Standard
Victory
Conquest
Starting age
Dark Age
Ending age
Imperial Age
RankedLock teamsTeams togetherTeam positionsShared explorationLock speedFull tech treeHidden civsTurbo modeCheats
Victory
Defeat
🇮🇩 Mongols · Indonesia
614
+15
🇨🇱 Berbers · Chile
601
-15
Perro178
7:40 Loom
12:30 Feudal Age
13:40 Double-Bit Axe
13:39 Horse Collar
15:45 Man-at-Arms
23:39 Castle Age
22:22 Fletching
22:33 Padded Archer Armor
22:42 Gold Mining
24:19 Forging
23:46 Crossbowman
25:30 Bow Saw
25:27 Heavy Plow
25:56 Scale Mail Armor
26:19 Pikeman
28:46 Bodkin Arrow
29:08 Leather Archer Armor
35:52 Imperial Age
34:02 Wheelbarrow
33:13 Town Watch
34:14 Iron Casting
33:55 Chain Mail Armor
36:00 Hand Cart
36:06 Chain Mail Armor
35:57 Scale Barding Armor
36:37 Thumb Ring
36:44 Treadmill Crane
37:21 Town Patrol
38:26 Murder Holes
39:00 Ballistics
39:29 Fortified Wall
40:00 Plate Mail Armor
39:36 Scale Barding Armor
MrIkanLelelelele
3:59 Loom
5:51 Loom
9:10 Feudal Age
11:05 Double-Bit Axe
22:55 Castle Age
21:28 Fletching
21:40 Padded Archer Armor
22:59 Crossbowman
23:24 Elite Skirmisher
24:58 Bloodlines
25:34 Bodkin Arrow
26:42 Gold Mining
27:17 Horse Collar
27:49 Bow Saw
28:52 Wheelbarrow
30:02 Light Cavalry
30:55 Forging
30:58 Scale Barding Armor
31:44 Thumb Ring
34:04 Town Watch
35:51 Hand Cart
39:37 Imperial Age
38:09 Chain Barding Armor
40:04 Husbandry
40:49 Iron Casting
45:12 Chemistry
44:32 Ballistics
48:06 Bracer
49:07 Blast Furnace
48:23 Leather Archer Armor
Connection lost

Rejoining the realm…

Still unreachable

The connection could not be restored.

Session expired

The server has moved on; the page needs a fresh start.